 Dungeon Crawl Stone Soup version 0.26-a0-639-g72c4674329 (webtiles) character file.

Game seed: 8975391165885655176

25 Peloso the Skirmisher (level 2, -1/24 HPs)
             Began as a Demonspawn Fighter on Sept 18, 2020.
             Slain by a worm (4 damage)
             ... on level 2 of the Dungeon.
             The game lasted 00:01:26 (810 turns).

Peloso the Skirmisher (Demonspawn Fighter)           Turns: 810, Time: 00:01:27

Health: -1/24      AC:  6    Str: 16    XL:     2   Next: 82%
Magic:  2/2        EV:  7    Int:  9    God:
Gold:   96         SH: 10    Dex: 12    Spells: 1/1 levels left

rFire    . . .     SeeInvis .   a - +0 long sword
rCold    . . .     Faith    .   c - +2 kite shield
rNeg     . . .     Spirit   .   b - +0 scale mail
rPois    .         Reflect  .   (no helmet)
rElec    .         Harm     .   (no cloak)
rCorr    .         Rampage  .   (no gloves)
MR       .....                  (no boots)
Stlth    ..........             (no amulet)
HPRegen  0.08/turn              (no ring)
MPRegen  0.08/turn              (no ring)

@: lethally poisoned (-1 -> -15), stab
A: spiny 1
a: no special abilities


You were on level 2 of the Dungeon.
You visited 1 branch of the dungeon, and saw 2 of its levels.

You collected 96 gold pieces.

Inventory:

Hand Weapons
 a - a +0 long sword (weapon)
Missiles
 h - 12 bolts
Armour
 b - a +0 scale mail (worn)
 c - a +2 kite shield (worn)
Scrolls
 f - a scroll of fear {unknown}
 g - a scroll of blinking {unknown}
Potions
 d - a potion of might
 e - 2 potions of stabbing


   Skills:
 + Level 3.1 Fighting
 + Level 2.2 Long Blades
 + Level 2.9 Armour
 + Level 0.3 Dodging
 + Level 3.0 Shields


You had one spell level left.
You didn't know any spells.
Your spell library was empty.

Dungeon Overview and Level Annotations

Branches:
Dungeon (2/15)

Altars:


Innate Abilities, Weirdness & Mutations

You are partially covered in sharp spines.


Message History

The worker ant is lightly wounded.
* * * LOW HITPOINT WARNING * * *
You feel sick.
The worker ant bites you but does no damage.
The worker ant bites you.
* * * LOW HITPOINT WARNING * * *
You are more poisoned.
The worker ant poisons you!
It was a potion of stabbing.
You feel ready to backstab.
* * * LOW HITPOINT WARNING * * *
You feel sick. You block the worker ant's attack.
Unknown command.
You hit the worker ant.
The worker ant is moderately wounded.
* * * LOW HITPOINT WARNING * * *
You feel sick.
The worker ant bites you but does no damage.
The worm bites you.
You die...

.## ..< ...##
... # #...##
..# .#
##...##.. .#.
##....... ....
#.......# ...##
#.......#......
#......@ar.....
##....w##......
#....$....#....
#...<.....# ...
#...........# .
#.#......#..# .
#.#...##..#
...##### ..#
... ..#


You could see a worm, a worker ant and a rat.

Vanquished Creatures
  A leopard gecko (D:1)
  3 goblins (D:1)
  6 hobgoblins
  3 bats (D:1)
  5 kobolds
  4 rats (D:1)
22 creatures vanquished.

Notes
Turn   | Place    | Note
-------+----------+-------------------------------------------
     0 | D:1      | Peloso the Demonspawn Fighter began the quest for the Orb.
     0 | D:1      | Reached XP level 1. HP: 18/18 MP: 1/1
   192 | D:1      | Gained mutation: You are partially covered in sharp spines.
                  | [demonic ancestry]
   192 | D:1      | Reached XP level 2. HP: 15/24 MP: 2/2
   810 | D:2      | Slain by a worm

Illustrated notes

Levels and vault maps discovered:
D:1:      dpeg_arrival_central, layout_rooms, serial_curves, eino_curves_01,
          eino_curves_04, minmay_misc_feat_columns, wad_floor_pattern_1
D:2:      layout_rooms, chequers_hall_statues_y, uniq_crazy_yiuf_cottage

Skill      XL: |  1  2 |
---------------+-------+-----
Long Blades    | 2 |  2.2
Shields        | 3 |  3.0
Fighting       | |  3.1
Armour         | |  2.9
Dodging        | |  0.3

Action                   || total
-------------------------++-------
Melee: Long sword        ||    53
  Use: Potion            ||     1
Armor: Scale mail        ||    25
Dodge: Dodged            ||    15
Block: Kite shield       ||    43
       Rpst.: Long sword ||     5

Table legend: (Time is in decaauts)
 A = Elapsed time spent in this place.
 B = Non-inter-level travel time spent in this place.
 C = Inter-level travel time spent in this place.
 D = Time resting spent in this place.
 E = Time spent auto-exploring this place.
 F = Levels seen in this place.
 G = Mean time per level.
                   A        B        C        D        E       F      G
               +--------+--------+--------+--------+--------+-----+--------+
         Total |    829 |    829 |      0 |      0 |    653 |   2 |  414.5 |
       Dungeon |    829 |    829 |      0 |      0 |    653 |   2 |  414.5 |
               +--------+--------+--------+--------+--------+-----+--------+

Top non-repeatable levels by time:
     D:1: 808 daAuts
     D:2: 21 daAuts
